[Event "ICC Open 2015"]
[Site "Internet Chess Club"]
[Date "2015.05.29"]
[Round "4"]
[White "shortcastle"]
[Black "TheCypriot"]
[Result "0-1"]
[ICCResult "White checkmated"]
[WhiteElo "1655"]
[BlackElo "1833"]
[Opening "English: Carls' Bremen system"]
[ECO "A22"]
[NIC "EO.10"]
[Time "14:37:18"]
[TimeControl "180+0"]

1. c4 Nf6 2. Nc3 e5 3. g3 h6 4. Bg2 Bb4 5. d3 O-O 6. Bd2 Re8 7. Nf3 c6 8.
O-O d5 9. a3 Bf8 10. cxd5 cxd5 11. Rc1 Nc6 12. b4 a6 13. Qb3 Be6 14. Qd1 Rc8
15. Na4 e4 16. dxe4 dxe4 17. Ne1 Nd4 18. Nc5 Bxc5 19. Rxc5 Rxc5 20. bxc5 Bc4
21. e3 Bxf1 22. Kxf1 Ne6 23. Qc1 Qd5 24. Bb4 Rc8 25. Kg1 Nxc5 26. Qb1 Nd3
27. Nxd3 Qxd3 28. Qxd3 exd3 29. Bf1 Rc1 30. Kg2 Rd1 31. h4 Nd5 32. Ba5 b6
33. Bb4 Nxb4 34. axb4 a5 35. bxa5 bxa5 36. Bxd3 Rxd3 37. Kf3 a4 38. Ke4 Rd2
39. Kf3 a3 40. e4 a2 41. Ke3 Rd8 42. f4 a1=Q 43. Kf3 Qf1+ 44. Kg4 g6 45. h5
Qe2+ 46. Kh3 Qxh5+ 47. Kg2 Rd2+ 48. Kg1 Qd1# {White checkmated} 0-1

[Event "ICC Open 2015"]
[Site "Internet Chess Club"]
[Date "2015.05.29"]
[Round "4"]
[White "whynotchess960"]
[Black "Radja"]
[Result "0-1"]
[ICCResult "White forfeits on time"]
[WhiteElo "1997"]
[BlackElo "2419"]
[Opening "Benkö gambit accepted"]
[ECO "A58"]
[NIC "BI.41"]
[Time "14:37:23"]
[TimeControl "180+0"]

1. d4 Nf6 2. c4 c5 3. d5 b5 4. cxb5 a6 5. bxa6 g6 6. Nc3 Bxa6 7. g3 d6 8.
Bg2 Nbd7 9. Nf3 Nb6 10. Rb1 Bg7 11. O-O Bc4 12. Nd2 Bxa2 13. Nxa2 Rxa2 14.
Qb3 Ra8 15. Qb5+ Nbd7 16. e4 O-O 17. b4 Rb8 18. Qa4 cxb4 19. Rxb4 Rxb4 20.
Qxb4 Ne5 21. Qb7 Nd3 22. Nb3 Qb8 23. Qxb8 Rxb8 24. Na5 Nxc1 25. Rxc1 Ra8 26.
Nc6 Kf8 27. Rb1 Ng4 28. Bf3 Ne5 29. Nxe5 Bxe5 30. Kg2 h5 31. Rb7 Ra2 32.
Rb8+ Kg7 33. Rb4 Bc3 34. Rc4 Be1 35. Rc7 Kf6 36. Bd1 Rxf2+ 37. Kg1 Rd2 38.
Bf3 Rd4 39. Bg2 Bd2 40. Bf3 Be3+ 41. Kg2 Rd2+ 42. Kh3 Bg1 43. Bg2 g5
{White forfeits on time}
0-1

[Event "ICC Open 2015"]
[Site "Internet Chess Club"]
[Date "2015.05.29"]
[Round "4"]
[White "IssaNissa"]
[Black "Merula"]
[Result "1-0"]
[ICCResult "Black resigns"]
[WhiteElo "1849"]
[BlackElo "2197"]
[Opening "Levitsky attack (Queen's bishop attack)"]
[ECO "D00"]
[NIC "QP.08"]
[Time "14:37:56"]
[TimeControl "180+0"]

1. d4 d5 2. Bg5 c5 3. c3 Nc6 4. e3 Qb6 5. Qb3 c4 6. Qc2 Bf5 7. Qxf5 Qxb2 8.
Nf3 Qxa1 9. Qc2 e6 10. Be2 h6 11. O-O hxg5 12. Nbd2 Qxf1+ 13. Nxf1 Be7 14.
e4 Nf6 15. exd5 exd5 16. Nxg5 Bd6 17. Ng3 Kf8 18. h3 Re8 19. Nf5 Bf4 20. Nf3
g6 21. Ne3 Bxe3 22. fxe3 Rxe3 23. Qd2 Re7 24. Bd1 Kg7 25. Ba4 Rhe8 26. Ne5
Re6 27. Nxc6 bxc6 28. Qb2 Re2 29. Qb7 Rxa2 30. Bxc6 Re1+ 31. Kh2 Ree2 32.
Bxd5 Rac2 33. Qxf7+ Kh6 34. Qxf6 Rxc3 35. Bf3 Rd2 36. Qf4+ g5 37. Qxd2
{Black resigns}
1-0

[Event "ICC Open 2015"]
[Site "Internet Chess Club"]
[Date "2015.05.29"]
[Round "4"]
[White "onti"]
[Black "Kyekerz"]
[Result "0-1"]
[ICCResult "White forfeits on time"]
[WhiteElo "1439"]
[BlackElo "1271"]
[Opening "Scandinavian: Pytel-Wade variation"]
[ECO "B01"]
[NIC "SD.02"]
[Time "14:36:48"]
[TimeControl "180+0"]

1. e4 d5 2. exd5 Qxd5 3. Nc3 Qd6 4. Bc4 Nf6 5. Nf3 Bg4 6. O-O a6 7. d4 Bxf3
8. Qxf3 Nc6 9. d5 Nb4 10. Bb3 O-O-O 11. a3 Nbxd5 12. Rd1 e6 13. Bf4 Qc6 14.
Nxd5 Nxd5 15. c4 Nxf4 16. Rxd8+ Kxd8 17. Qxf4 f6 18. Qd4+ Kc8 19. Qa7 Qb6
20. Qa8+ Kd7 21. Rd1+ Ke7 22. Qd8+ Kf7 23. Bc2 Be7 24. Qd3 Rd8 25. Qe2 Rxd1+
26. Bxd1 Bc5 27. Qh5+ Kg8 28. Qe8+ Bf8 29. Qh5 Qxb2 30. h3 Qxa3 31. Bg4 Qd6
32. Bf3 Qc5 33. Qh4 Qa3 34. Qg4 Qc1+ 35. Kh2 Bd6+ {White forfeits on time}
0-1

[Event "ICC Open 2015"]
[Site "Internet Chess Club"]
[Date "2015.05.29"]
[Round "4"]
[White "ShadowLike"]
[Black "mcplayerus"]
[Result "1-0"]
[ICCResult "Black forfeits on time"]
[WhiteElo "2229"]
[BlackElo "1763"]
[Opening "Sicilian: Smith-Morra gambit"]
[ECO "B21"]
[NIC "SI.48"]
[Time "14:36:41"]
[TimeControl "180+0"]

1. e4 c5 2. d4 cxd4 3. c3 d5 4. Qxd4 dxe4 5. Qxe4 Nc6 6. Bb5 Bd7 7. Nf3 Nf6
8. Qe2 a6 9. Ba4 e6 10. Bf4 Be7 11. O-O O-O 12. Rd1 Nd5 13. Bg3 b5 14. Bc2
Bf6 15. Nbd2 Qe7 16. Ne4 Rad8 17. Bd6 Qe8 18. Bxf8 Qxf8 19. Nxf6+ Nxf6 20.
Ne5 Nxe5 21. Qxe5 h6 22. Rd4 Bc6 23. Rad1 Rxd4 24. Rxd4 Bd5 25. h4 Qc8 26.
g4 Nd7 27. Qd6 Nf8 28. g5 hxg5 29. hxg5 Bxa2 30. g6 fxg6 31. Qe7 Bd5 32. Rg4
Qd7 33. Qxd7 Nxd7 34. Rxg6 Ne5 35. Rg3 Nc4 36. b4 Nd6 37. Bd1 Ne4 38. Re3
Nd2 39. Kh2 Nc4 40. Rd3 a5 41. bxa5 Nxa5 42. Bf3 Bc4 43. Rd8+ Kf7 44. Ra8
Nb3 45. Ra7+ Kf6 46. Rb7 Nc5 47. Rb8 Nd3 48. Bc6 Ne5 49. Bxb5 Nf3+ 50. Kg3
Bxb5 51. Rxb5 Ne5 52. Rb7 Nd3 53. c4 Nc5 54. Rc7 Na6 55. Rc8 Nb4 56. Rf8+
Ke7 57. Rb8 Kd6 58. c5+ Kc6 59. Rg8 Kxc5 60. Rxg7 Nd5 61. Rg6 Ne3 62. Rxe6
Kd5 63. Rxe3 Kd4 64. Re1 Kd3 65. f4 Kd2 66. Re8 Kd1 67. f5 Kc2 68. f6 Kc3
69. f7 Kc4 70. f8=Q {Black forfeits on time} 1-0

[Event "ICC Open 2015"]
[Site "Internet Chess Club"]
[Date "2015.05.29"]
[Round "4"]
[White "Supermister"]
[Black "Berke"]
[Result "1-0"]
[ICCResult "Black forfeits on time"]
[WhiteElo "1998"]
[BlackElo "1439"]
[Opening "French defense"]
[ECO "C00"]
[NIC "FR.01"]
[Time "14:37:38"]
[TimeControl "180+0"]

1. e4 e6 2. Nc3 d5 3. g3 Nf6 4. exd5 exd5 5. Bg2 Be7 6. d4 c6 7. Nge2 Bg4 8.
O-O O-O 9. h3 Bh5 10. Bg5 Nbd7 11. Qd2 Qa5 12. Nf4 Bg6 13. Nxg6 fxg6 14.
Rae1 Bb4 15. Re3 Rae8 16. Rfe1 Rxe3 17. Rxe3 h6 18. Bxf6 Nxf6 19. a3 Bd6 20.
Qe1 Qc7 21. b4 Nh5 22. b5 Kh7 23. bxc6 bxc6 24. Na4 Bxa3 25. Rxa3 Qf7 26.
Nc5 g5 27. Rf3 Nf6 28. Qe6 Qxe6 29. Nxe6 Re8 30. Nc5 Re1+ 31. Kh2 a6 32.
Nxa6 Rc1 33. c3 Ne4 34. Nb4 g4 35. hxg4 Ng5 36. Re3 Rb1 37. Nxc6 Rb2 38. f4
Ne4 39. Kh3 Nf2+ 40. Kh4 {Black forfeits on time} 1-0

[Event "ICC Open 2015"]
[Site "Internet Chess Club"]
[Date "2015.05.29"]
[Round "4"]
[White "ShreyansGhia"]
[Black "FavoritePawn"]
[Result "0-1"]
[ICCResult "White forfeits on time"]
[WhiteElo "1914"]
[BlackElo "1211"]
[Opening "French defense"]
[ECO "C00"]
[NIC "FR.01"]
[Time "14:37:04"]
[TimeControl "180+0"]

1. e4 e6 2. Bc4 d5 3. exd5 exd5 4. Bb3 Nf6 5. f3 Nc6 6. c3 Bc5 7. Nh3 Bxh3
8. gxh3 O-O 9. d4 Bb6 10. Bg5 Re8+ 11. Kf2 Ne4+ 12. fxe4 Qxg5 13. Rg1 Qf4+
14. Ke1 Rxe4+ 15. Qe2 Rxe2+ 16. Kxe2 Re8+ 17. Kd3 Qe3+ 18. Kc2 Qxg1 19. Bxd5
Qxh2+ 20. Kb3 Na5+ 21. Kb4 Qxh3 22. Na3 Qd7 23. Bc4 Qd6+ 24. Ka4 Qd7+ 25.
Nb5 a6 26. Bxf7+ Kxf7 27. Rf1+ Kg8 28. c4 axb5+ 29. cxb5 Qxd4+ 30. Ka3 Qc5+
31. Ka4 Qc4+ 32. b4 Qc2+ {White forfeits on time} 0-1

[Event "ICC Open 2015"]
[Site "Internet Chess Club"]
[Date "2015.05.29"]
[Round "4"]
[White "jefferyx"]
[Black "BlitzorDDD"]
[Result "1-0"]
[ICCResult "Black forfeits on time"]
[WhiteElo "2931"]
[BlackElo "3199"]
[Opening "Polish (Sokolsky) opening"]
[ECO "A00"]
[NIC "VO.10"]
[Time "14:37:05"]
[TimeControl "180+0"]

1. b4 d6 2. Bb2 Nd7 3. e3 Ngf6 4. f4 g6 5. Nf3 Bg7 6. g4 e5 7. g5 Nh5 8. f5
gxf5 9. Rg1 h6 10. g6 fxg6 11. Rxg6 Ndf6 12. Nc3 Be6 13. Bb5+ c6 14. Ba4 Qe7
15. Qe2 O-O-O 16. Bb3 Kb8 17. O-O-O Rhe8 18. Rdg1 Bf8 19. Nh4 d5 20. Na4 Ng4
21. h3 Qxh4 22. hxg4 fxg4 23. Bxe5+ Ka8 24. b5 Qe7 25. bxc6 bxc6 26. Nb6+
axb6 27. Rxe6 Qb7 28. Qxg4 Rxe6 29. Qxe6 Ng7 30. Qxh6 Nf5 31. Qg5 Qd7 32.
Rf1 Nd6 33. Qf4 Ne4 34. d3 Ba3+ 35. Kd1 Nd6 36. Qa4+ Kb7 37. Qxa3 Nb5 38.
Qb2 Qg4+ 39. Kc1 Qe2 40. Rf7+ Kc8 41. Kb1 Qxe3 42. a4 d4 43. axb5 Qxe5 44.
bxc6 Qe1+ 45. Ka2 Qa5+ 46. Qa3 Qxa3+ 47. Kxa3 Rd6 48. Be6+ Rxe6 49. Rf8+ Kc7
50. Rf7+ Kxc6 51. Rf4 Kd6 52. Rxd4+ Ke7 53. Rc4 Kd7 54. Rb4 Rd6 55. Kb3 Rc6
56. Rc4 Rd6 57. Rc3 Rc6 58. Rc4 Rd6 59. Rb4 Rc6 60. Rb5 Rd6 61. c4 Rc6 62.
Rd5+ Rd6 63. Rxd6+ Kxd6 64. Kb4 Kc6 65. d4 Kc7 66. d5 Kb7 67. Kb5 Kc7 68. c5
Kb7 69. cxb6 Kc8 70. Kc6 Kd8 71. b7 Ke8 72. b8=Q+ Kf7 73. Qc7+ Kg6 74. Qd6+
Kg5 75. Qe6 {Black forfeits on time} 1-0

[Event "ICC Open 2015"]
[Site "Internet Chess Club"]
[Date "2015.05.29"]
[Round "4"]
[White "podkarpacki"]
[Black "fyook"]
[Result "1-0"]
[ICCResult "Black checkmated"]
[WhiteElo "1412"]
[BlackElo "1187"]
[Opening "QGD: Semi-Tarrasch defense, Pillsbury variation"]
[ECO "D40"]
[NIC "TD.05"]
[Time "14:37:34"]
[TimeControl "180+0"]

1. Nf3 d5 2. d4 Nf6 3. c4 e6 4. Nc3 c5 5. Bg5 cxd4 6. Nxd4 Be7 7. e3 O-O 8.
Bxf6 Bxf6 9. cxd5 exd5 10. Bb5 a6 11. Ba4 b5 12. Bb3 Bb7 13. O-O Nc6 14.
Nxc6 Bxc6 15. Nxd5 Bxb2 16. Rb1 Be5 17. f4 Bf6 18. e4 Re8 19. e5 Bxd5 20.
Bxd5 Be7 21. Bxa8 Qxa8 22. Qf3 Qxf3 23. Rxf3 f6 24. Rd3 fxe5 25. fxe5 Bg5
26. Rd5 Kf7 27. Re1 Ke6 28. Rd6+ Kf7 29. Rxa6 Bd2 30. Re2 Bc3 31. e6+ Kf6
32. h3 b4 33. g4 Kg5 34. Kg2 h5 35. gxh5 Kxh5 36. Rf2 g6 37. Rf7 Kg5 38. e7
Bd2 39. Rd6 Bc3 40. Rd8 Rxe7 41. Rxe7 Bf6 42. Rd5+ Kh6 43. Re6 Bg5 44. Rb5
Bd2 45. Rbb6 Bc3 46. Rxg6+ Kh7 47. h4 Bg7 48. h5 Bc3 49. Rb7+ Kh8 50. Ra6
Kg8 51. Ra8# {Black checkmated} 1-0

[Event "ICC Open 2015"]
[Site "Internet Chess Club"]
[Date "2015.05.29"]
[Round "4"]
[White "Volkov"]
[Black "ural"]
[Result "1/2-1/2"]
[ICCResult "Game drawn by repetition"]
[WhiteElo "2999"]
[BlackElo "2519"]
[Opening "QGA: 3.e4"]
[ECO "D20"]
[NIC "QG.04"]
[Time "14:37:27"]
[TimeControl "180+0"]

1. d4 d5 2. c4 dxc4 3. e4 b5 4. a4 Nc6 5. Nf3 Bg4 6. d5 Nb4 7. axb5 e6 8.
Bxc4 exd5 9. exd5 Bd6 10. O-O Ne7 11. Nc3 O-O 12. h3 Bh5 13. Re1 Nc8 14. Be3
Nb6 15. Bb3 Re8 16. g4 Bg6 17. Nd4 Qh4 18. Kg2 h5 19. Nf3 Qd8 20. Bxb6 axb6
21. Rxe8+ Qxe8 22. Rxa8 Qxa8 23. Nd4 hxg4 24. hxg4 Qd8 25. Nc6 Nxc6 26. dxc6
Qh4 27. Qf3 Qh2+ 28. Kf1 Qe5 29. Bd5 Bb4 30. Be4 Bxc3 31. Bxg6 fxg6 32. bxc3
Qxb5+ 33. Kg2 Qe5 34. c4 g5 35. Qd3 Kf7 36. Qd7+ Kf6 37. Qd8+ Kf7 38. Qd7+
Kf6 39. Qd8+ Kf7 40. Qd3 Kf6 41. Qd7 Qe4+ 42. Kg1 Qe5 43. Kg2 Qe4+ 44. Kf1
Qe5 45. Qd8+ Kf7 46. Qd7+ Kf6 47. Kg2 Qe4+ 48. f3 Qe2+ 49. Kg3 Qe5+ 50. Kg2
Qe2+ 51. Kg3 Qe5+ 52. Kh3 Qf4 53. Qd5 Qe5 54. Qd8+ Qe7 55. Qd4+ Kf7 56. Qd5+
Qe6 57. Qb5 Qe3 58. Qf5+ Ke7 59. Qd7+ Kf6 60. Qxc7 Qxf3+ 61. Kh2 Qf2+ 62.
Kh3 Qf3+ 63. Kh2 Qf2+ 64. Kh1 Qf1+ 65. Kh2 Qf2+ 66. Kh3 Qf3+
{Game drawn by repetition}
1/2-1/2

[Event "ICC Open 2015"]
[Site "Internet Chess Club"]
[Date "2015.05.29"]
[Round "4"]
[White "sibirica"]
[Black "RLH2"]
[Result "0-1"]
[ICCResult "White forfeits on time"]
[WhiteElo "2569"]
[BlackElo "2908"]
[Opening "Pirc: classical, h3 system"]
[ECO "B06"]
[NIC "PU.10"]
[Time "14:37:15"]
[TimeControl "180+0"]

1. e4 g6 2. d4 Bg7 3. Nf3 d6 4. Nc3 Nf6 5. h3 O-O 6. Be3 c6 7. a4 Nbd7 8.
Be2 e5 9. dxe5 dxe5 10. Nd2 Qe7 11. Nc4 Rd8 12. Qd6 Qxd6 13. Nxd6 Bf8 14.
O-O-O Nb6 15. Nxc8 Raxc8 16. a5 Nbd7 17. Bxa7 Ra8 18. Bb6 Nxb6 19. Rxd8 Rxd8
20. axb6 Bc5 21. Na4 Bxf2 22. Bd3 Ra8 23. b3 Bxb6 24. Rf1 Be3+ 25. Kb2 Ne8
26. Rf3 Ba7 27. b4 b5 28. Nc3 Bd4 29. Kb3 Nc7 30. Ne2 Ne6 31. c3 Bb6 32. Rf1
Kg7 33. c4 Rd8 34. Kc2 c5 35. cxb5 cxb4 36. Bc4 Ng5 37. h4 Nxe4 38. Rxf7+
Kh8 39. Kb3 Bc5 40. Be6 Bd6 41. Rd7 Nc5+ 42. Kc4 Nxd7 43. Ng3 Nb6+ 44. Kb3
Re8 45. Bf7 Rf8 46. Be6 e4 47. Nxe4 Re8 48. Ng5 h6 49. Nf7+ Kg7 50. Bc4 Re3+
51. Kc2 Nxc4 52. Nd8 Na3+ 53. Kd1 Nc4 54. Nc6 Rd3+ 55. Kc2 Rc3+ 56. Kd1 Bf4
57. Nd4 Rc1+ 58. Ke2 Re1+ 59. Kf3 Ne3 60. Nb3 Nf5 61. Kxf4 Nd4 62. Nxd4 Rf1+
63. Ke5 Re1+ {White forfeits on time} 0-1

[Event "ICC Open 2015"]
[Site "Internet Chess Club"]
[Date "2015.05.29"]
[Round "4"]
[White "RST2003"]
[Black "JEMEM"]
[Result "0-1"]
[ICCResult "White forfeits on time"]
[WhiteElo "1835"]
[BlackElo "1972"]
[Opening "Caro-Kann: exchange variation"]
[ECO "B13"]
[NIC "CK.02"]
[Time "14:37:30"]
[TimeControl "180+0"]

1. e4 c6 2. d4 d5 3. exd5 cxd5 4. Bd3 Nc6 5. c3 Qc7 6. Ne2 Nf6 7. Bf4 Qd8 8.
Nd2 Bg4 9. O-O e6 10. f3 Bh5 11. Bg3 Bg6 12. Nf4 Be7 13. Qe2 O-O 14. Nxg6
hxg6 15. f4 Bd6 16. Nf3 a6 17. Ne5 Qc7 18. Bf2 b5 19. a3 Rab8 20. Be3 Na5
21. g4 Nc4 22. Bxc4 bxc4 23. Rac1 Ne4 24. Rc2 Rb3 25. Rf3 Rfb8 26. Rh3 Kf8
27. Bc1 Bxe5 28. fxe5 Ke7 29. Qe1 Kd7 30. Rf3 Rf8 31. Qh4 Qd8 32. Qh7 Ng5
33. Bxg5 Qxg5 34. h3 Qh6 35. Qxh6 gxh6 36. h4 Ke7 37. Kg2 Rfb8 38. Rff2 Ke8
39. Kg3 R8b7 40. h5 g5 41. Kf3 Kf8 42. Ke3 Kg7 43. Rfd2 a5 44. Ke2 a4 45.
Kd1 f6 46. Kc1 f5 47. gxf5 exf5 48. Rf2 f4 49. Rg2 Kf7 50. Rcf2 Ke6 51. Rf3
Kf5 52. Rff2 Re7 53. Kc2 Re6 54. Re2 g4 55. Ref2 f3 {White forfeits on time}
0-1

[Event "ICC Open 2015"]
[Site "Internet Chess Club"]
[Date "2015.05.29"]
[Round "4"]
[White "kava"]
[Black "Sibelephant"]
[Result "0-1"]
[ICCResult "White resigns"]
[WhiteElo "2901"]
[BlackElo "3191"]
[Opening "English: four knights, Marini variation"]
[ECO "A28"]
[NIC "EO.09"]
[Time "14:37:48"]
[TimeControl "180+0"]

1. c4 e5 2. Nc3 Nf6 3. Nf3 Nc6 4. a3 g6 5. g3 Bg7 6. Bg2 O-O 7. O-O Re8 8.
d3 e4 9. Nxe4 Nxe4 10. dxe4 Rxe4 11. Qc2 Qe8 12. e3 d6 13. Nd2 Re7 14. Ra2
a5 15. b3 Bf5 16. e4 Nd4 17. Qd3 Bg4 18. f3 Bd7 19. Bb2 c5 20. a4 f5 21. Kh1
Qf7 22. Raa1 f4 23. Rae1 h5 24. Nb1 fxg3 25. hxg3 h4 26. g4 Rae8 27. Nc3 Ne6
28. Bc1 Bc6 29. Ne2 g5 30. f4 gxf4 31. Bxf4 Qg6 32. Bxd6 Rd7 33. Rf5 Nd4 34.
Nf4 Qxd6 35. Qe3 Nxf5 36. gxf5 Bh6 {White resigns} 0-1

[Event "ICC Open 2015"]
[Site "Internet Chess Club"]
[Date "2015.05.29"]
[Round "4"]
[White "hAutAjArvi"]
[Black "MastroNuzzo"]
[Result "1-0"]
[ICCResult "Black forfeits on time"]
[WhiteElo "2033"]
[BlackElo "2411"]
[Opening "Sicilian: accelerated fianchetto, exchange variation"]
[ECO "B34"]
[NIC "SI.33"]
[Time "14:37:33"]
[TimeControl "180+0"]

1. e4 c5 2. Nf3 Nc6 3. d4 cxd4 4. Nxd4 g6 5. Nxc6 bxc6 6. Qd4 Nf6 7. e5 Ng8
8. e6 Nf6 9. exd7+ Bxd7 10. Nc3 Bg7 11. Be3 O-O 12. Bc4 Nd5 13. Qd2 Nxc3 14.
bxc3 Bf5 15. Bd3 Qa5 16. Bd4 e5 17. Bxf5 exd4 18. Bd3 Rfe8+ 19. Kf1 dxc3 20.
Qf4 Re6 21. h4 Rae8 22. g3 Qd5 23. Rh3 Rf6 24. Qc4 Qe6 25. Qxe6 Rfxe6 26. g4
Bd4 27. h5 Kg7 28. Rf3 Rf6 29. Kg2 Rxf3 30. Kxf3 Rb8 31. Ke4 c5 32. f3 Kf6
33. Kd5 Kg5 34. hxg6 hxg6 35. Re1 Rb2 36. Re7 Rxa2 37. Rxf7 a5 38. Ra7 a4
39. Ra6 Kf4 40. Rxg6 Kxf3 41. Ra6 Ra1 42. g5 a3 43. Kc4 a2 44. g6 Ke3 45.
Kb3 Kd2 46. Rxa2 Rb1+ 47. Kc4 Rb4+ 48. Kd5 Rb7 49. Ra6 Rd7+ 50. Ke6 Rd8 51.
Rd6 Rg8 52. Kf7 Rg7+ 53. Ke6 Ke3 54. Kd5 Kd2 55. Re6 Rg8 56. Kc4 Rd8 57.
Re2+ Kd1 58. Rg2 Kc1 59. g7 Kb2 60. g8=Q Rd6 61. Qb8+ Kc1 62. Qxd6 Bf2 63.
Rxf2 Kd1 64. Qe5 {Black forfeits on time} 1-0

[Event "ICC Open 2015"]
[Site "Internet Chess Club"]
[Date "2015.05.29"]
[Round "4"]
[White "noyb"]
[Black "Schurick"]
[Result "0-1"]
[ICCResult "White resigns"]
[WhiteElo "1547"]
[BlackElo "2281"]
[Opening "King's Indian: 6.Be2"]
[ECO "E91"]
[NIC "KI.19"]
[Time "14:37:56"]
[TimeControl "180+0"]

1. Nf3 Nf6 2. c4 g6 3. Nc3 Bg7 4. e4 d6 5. d4 O-O 6. Be2 a6 7. O-O Nc6 8. d5
Na7 9. Re1 b5 10. cxb5 axb5 11. Bf1 b4 12. Nb5 c5 13. dxc6 Nxc6 14. Nfd4 Bb7
15. Nxc6 Bxc6 16. Nd4 Bd7 17. Bd2 Qb6 18. Be3 Qb7 19. f3 Rfc8 20. Qd2 Ra5
21. b3 Rac5 22. Rec1 Rc3 23. Bc4 Ne8 24. Rxc3 bxc3 25. Qxc3 Nc7 26. Qd2 d5
27. Bd3 e5 28. Ne2 d4 29. Bf2 Ne6 30. Rc1 Nc5 31. Bc4 h5 32. Bd5 Qb8 33. Rb1
Be8 34. Nc1 Kh7 35. Nd3 Bh6 36. Qd1 Nxd3 37. Qxd3 Rc3 38. Qd1 Qa7 39. h3
Qxa2 40. b4 Qa7 41. b5 Qb6 42. Bc6 Bxc6 43. bxc6 Qxc6 44. Kh2 Bf4+ 45. Kh1
Rc2 46. Bg1 Qc3 47. Qf1 Kg7 48. Qa6 Qd2 49. Qf1 d3 50. Rd1 Qe2 51. Qxe2 dxe2
52. Ra1 Bg3 {White resigns} 0-1

[Event "ICC Open 2015"]
[Site "Internet Chess Club"]
[Date "2015.05.29"]
[Round "4"]
[White "waynerooney"]
[Black "karodash"]
[Result "1-0"]
[ICCResult "Black forfeits on time"]
[WhiteElo "1959"]
[BlackElo "1571"]
[Opening "Scandinavian: Marshall variation"]
[ECO "B01"]
[NIC "SD.03"]
[Time "14:36:44"]
[TimeControl "180+0"]

1. e4 d5 2. exd5 Nf6 3. d4 Nxd5 4. c4 Nb6 5. Nc3 g6 6. Nf3 Bg7 7. Be2 O-O 8.
Be3 Bg4 9. O-O Nc6 10. d5 Bxf3 11. Bxf3 Ne5 12. c5 Nbc4 13. Qb3 Nxf3+ 14.
gxf3 Nxe3 15. fxe3 e6 16. dxe6 Qg5+ 17. Kh1 Qxe3 18. Rae1 Qxc5 19. exf7+
Rxf7 20. Ne4 Qb6 21. Qc4 Qc6 22. Qb3 Rf8 23. Ng5 Qd7 24. Nxf7 Qxf7 25. Qxb7
Bh6 26. b3 Bf4 27. Qe4 g5 28. Qe6 Kg7 29. Kg2 Qh5 30. Qh3 Qg6 31. Re7+ Rf7
32. Rxf7+ Qxf7 33. Qg4 h5 34. Qc8 Qd5 35. Rf2 Qe5 36. Qd7+ Kg6 37. Qh3 Be3
38. Re2 Qf4 39. Qe6+ Kg7 40. Qxe3 Qxe3 41. Rxe3 Kf6 42. Rc3 Kf5 43. Rxc7 Kf4
44. Rxa7 Ke3 45. Rg7 Ke2 46. Rxg5 Ke3 47. Rxh5 Kd3 48. Rh6 Kc3 49. f4 Kb4
50. f5 Kc5 51. f6 Kd5 52. f7 Kd4 53. Rh5 Kd3 54. f8=Q Ke4 55. Qe7+
{Black forfeits on time}
1-0

[Event "ICC Open 2015"]
[Site "Internet Chess Club"]
[Date "2015.05.29"]
[Round "4"]
[White "TudoracheM"]
[Black "Ennjy"]
[Result "0-1"]
[ICCResult "White forfeits on time"]
[WhiteElo "1856"]
[BlackElo "1787"]
[Opening "Caro-Kann: advance variation"]
[ECO "B12"]
[NIC "CK.04"]
[Time "14:37:19"]
[TimeControl "180+0"]

1. e4 c6 2. d4 d5 3. e5 Bf5 4. Nf3 e6 5. Be2 c5 6. O-O Nc6 7. c4 dxc4 8.
dxc5 Bxc5 9. Qa4 Ne7 10. Rd1 Qb6 11. Bxc4 Bxf2+ 12. Kh1 Bc5 13. Nc3 O-O 14.
a3 Rfd8 15. Bg5 Rxd1+ 16. Rxd1 Ng6 17. b4 Bf8 18. Re1 a6 19. Be3 Qc7 20. Qb3
b5 21. Be2 Ncxe5 22. Bf4 Nxf4 23. Bf1 Ned3 24. h3 Nxe1 25. Nxe1 Rc8 26. Ne2
Nxe2 27. Bxe2 Qc1 28. Qg3 a5 29. bxa5 Bxa3 30. Kh2 Rd8 31. Qf2 Bd6+ 32. g3
Bb4 33. Nf3 Bxa5 34. Nh4 Bg6 35. Ng2 Qc6 36. Bf3 Qb6 37. Qe2 b4 38. Qb2 b3
39. Nf4 Bc2 40. h4 Rd2+ 41. Kh3 Bf5+ 42. g4 Rxb2 43. gxf5 Qe3 44. Kg4 Qf2
45. fxe6 fxe6 46. Nxe6 Bb6 47. Nf4 h5+ 48. Kg5 Qc5+ 49. Kg6 Rf2
{White forfeits on time}
0-1

[Event "ICC Open 2015"]
[Site "Internet Chess Club"]
[Date "2015.05.29"]
[Round "4"]
[White "Zigfrid"]
[Black "Sebs"]
[Result "0-1"]
[ICCResult "White checkmated"]
[WhiteElo "3151"]
[BlackElo "2929"]
[Opening "QGD semi-Slav: Stoltz variation"]
[ECO "D45"]
[NIC "SL.08"]
[Time "14:36:38"]
[TimeControl "180+0"]

1. Nf3 d5 2. d4 c6 3. c4 Nf6 4. e3 e6 5. Nc3 Nbd7 6. Qc2 Bd6 7. Bd3 O-O 8.
O-O h6 9. b3 b6 10. Bb2 Bb7 11. Rad1 Qe7 12. Rfe1 Rad8 13. e4 dxe4 14. Nxe4
Nxe4 15. Bxe4 Nf6 16. Bd3 Rfe8 17. Rc1 Bf4 18. Rcd1 Bd6 19. Re2 Ba3 20. Ba1
Bb4 21. Qc1 Ba3 22. Qf4 Bd6 23. Qh4 Nh7 24. Qxe7 Rxe7 25. c5 Bc7 26. b4 Nf6
27. a3 Nd5 28. g3 b5 29. Ne5 a5 30. bxa5 Bxa5 31. Rc2 f6 32. Nf3 Ra8 33. Bb2
Kf7 34. Nd2 Bc7 35. Ne4 b4 36. Ra1 f5 37. Nd2 Ree8 38. Nc4 Ba6 39. Bf1 Bb5
40. axb4 Rxa1 41. Bxa1 Nxb4 42. Rb2 Ra8 43. Rxb4 Rxa1 44. Kg2 Ba5 45. Rxb5
cxb5 46. Ne5+ Kf6 47. Bxb5 Bc3 48. c6 Ra7 49. Nd7+ Ke7 50. Nb6 Kd8 51. d5
Bd4 52. Nc4 exd5 53. Nd6 g6 54. Be2 Rc7 55. Nb5 Be5 56. f4 Bf6 57. Bf3 Rxc6
58. Bxd5 Rc2+ 59. Kf3 g5 60. fxg5 hxg5 61. Be6 g4+ 62. Ke3 Rxh2 63. Bxf5
Bg5+ 64. Ke4 Re2+ 65. Kd5 Re3 66. Nd4 Rxg3 67. Ne6+ Ke7 68. Ke4 Kf6 69. Nd4
Rf3 70. Kd5 Rxf5+ 71. Ke4 Rf4+ 72. Kd3 Rxd4+ 73. Kxd4 Kf5 74. Kd3 Kf4 75.
Ke2 g3 76. Kf1 Kf3 77. Kg1 Be3+ 78. Kh1 g2+ 79. Kh2 g1=Q+ 80. Kh3 Qg3#
{White checkmated}
0-1

[Event "ICC Open 2015"]
[Site "Internet Chess Club"]
[Date "2015.05.29"]
[Round "4"]
[White "chessrex"]
[Black "maly"]
[Result "0-1"]
[ICCResult "White forfeits on time"]
[WhiteElo "2078"]
[BlackElo "2653"]
[Opening "Blackmar gambit"]
[ECO "D00"]
[NIC "QP.08"]
[Time "14:37:02"]
[TimeControl "180+0"]

1. d4 d5 2. e4 dxe4 3. Nc3 Nf6 4. f3 e3 5. Bxe3 e6 6. Bd3 b6 7. Nge2 Bb7 8.
O-O Be7 9. Qe1 Nbd7 10. Ne4 O-O 11. b3 c5 12. c3 Qc7 13. Rc1 Rac8 14. Nxf6+
Nxf6 15. Ng3 Rfd8 16. Be2 Nd5 17. Bd2 cxd4 18. cxd4 Qb8 19. Ne4 Nf4 20. Rxc8
Rxc8 21. Be3 Nxe2+ 22. Qxe2 Rd8 23. Rd1 Qc7 24. Rc1 Qd7 25. Rd1 Bf8 26. Ng5
h6 27. Nh3 g6 28. Qd2 Kh7 29. Nf2 Bg7 30. Ng4 h5 31. Nf2 Qd5 32. Ne4 Kg8 33.
Nc3 Qf5 34. Qd3 Qa5 35. a4 Qb4 36. Qc4 Qxc4 37. bxc4 Rc8 38. Nb5 Rxc4 39.
Nxa7 Rxa4 40. Nb5 Bd5 41. Nc3 Rc4 42. Nxd5 exd5 43. Kf2 b5 44. Rd2 b4 45.
Ke2 Bf6 46. Kd3 Rc3+ 47. Ke2 b3 48. Rb2 Be7 49. Bd2 Rc4 50. Kd3 Rxd4+ 51.
Kxd4 Bf6+ 52. Kxd5 Bxb2 53. Kc4 Be5 54. Kxb3 Bxh2 55. Kc4 Kg7 56. Kd5 Kf6
57. Ke4 Bc7 58. Be3 Ke6 59. Bd4 f5+ 60. Kd3 Kd5 61. Bf6 Be5 62. Bg5 Bd6 63.
Bf6 Bc5 64. Bg5 Bd4 65. Bf4 Be5 66. Bg5 Ke6 67. Ke2 Bf6 68. Bf4 g5 69. Be3
Kd5 70. Kd3 g4 71. fxg4 hxg4 72. Bf4 Be5 73. Bg5 Ke6 74. Be3 Kf6 75. Ke2 Kg6
76. Kf2 Kh5 77. Bc5 f4 78. Bb4 Kg5 79. Bd2 Kf5 80. Bb4 Ke4 81. Be7 Bd4+ 82.
Kf1 Be5 83. Bh4 Kf5 84. Be1 Bd6 85. Bf2 Bc7 86. Be1 Bd8 87. Bf2 Ke4 88. Be1
Be7 89. Bf2 Bd6 90. Be1 Bc5 91. Bd2 Bd4 92. Be1 Be3 93. Bc3 f3 94. gxf3+
Kxf3 95. Be1 Bf4 96. Bh4 Bg3 97. Bg5 Bf4 98. Bh4 Be5 99. Bg5 Bd4 100. Bh4
Be3 101. Be1 Bc5 102. Bh4 Bb6 103. Bg5 Bc7 {White forfeits on time} 0-1